Nergel, chaotic male elven Wizard --------- -------- ---------------- |)))))))| |......| |..............| |)))))).| |......| #..%............| |))).)[)| |......| ###|<.............| |)))))).| |......| # |..............| |.......| |.......#### -----|---------- -|------- |......| # # ------ ## ----.--- # # -----######.....| # ## # # |...|# |....|####### ### # #* # |...+### ##.....-#### ----|----- ## # ## #....|# |....|# # |........| ----+--# .--.- ###|...|# ------# ##.........| |..*..|# |...| # -----# # |........| |..>#.+# |..(.&@:###################`########### ### .........| |.....| |...|# |........| ------- |...|# ---------- |...|# -----# Nergel the Thaumaturge Experience level: 6 Strength: 11 Dexterity: 12 Constitution: 16 Intelligence: 16 Wisdom: 13 Charisma: 9 Health: 0(47) Energy: 89(89) Def: 0 Gold: 0 Moves: 1832 Dungeon seed: W2x_LRctfXVV-FgL Game ID: Nergel_1517014403 Your Inventory: Weapons a - a blessed +1 quarterstaff t - a +0 elven dagger (weapon in hand) Armor e - an uncursed +0 cloak of magic resistance r - an uncursed +2 dwarvish cloak y - an uncursed +0 orcish cloak Comestibles v - an uncursed egg z - an uncursed lichen corpse H - an uncursed food ration Scrolls j - an uncursed scroll of light s - a cursed scroll of teleportation u - an uncursed scroll of food detection x - an uncursed scroll of remove curse B - a cursed scroll of identify F - an uncursed scroll of amnesia Spellbooks k - a blessed spellbook of force bolt l - an uncursed spellbook of light C - an uncursed spellbook of magic mapping D - an uncursed spellbook of turn undead Potions f - an uncursed potion of healing h - an uncursed potion of oil p - an uncursed potion of confusion Rings c - an uncursed ring of conflict d - an uncursed ring of slow digestion (on left hand) Wands b - a wand of speed monster (0:6) Tools m - a magic marker (0:33) n - an uncursed leather drum o - an uncursed leash w - an uncursed bell A - an uncursed brass lantern (0:1369) E - an uncursed lock pick Gems q - an uncursed worthless piece of green glass Spells and supernatural/magical abilities: Name Level Category Fail Memory a - force bolt 1 attack 0% 91% l - light 1 divination 0% 91% W - pray for help -- divine ? -- Your skills at the end: Fighting Skills Weapon Skills quarterstaff [Basic] Spellcasting Skills attack spells [Basic] enchantment spells [Basic] Final Attributes: You were piously aligned. You were sleep resistant. You had infravision. You had slower digestion. You are dead. Vanquished creatures: a black pudding a small mimic a rock mole a fog cloud a floating eye 2 orc zombies an acid blob a hobbit a brown mold 2 yellow molds a gecko 8 jackals a fox a grid bug 4 lichens 2 kobold zombies 3 newts 32 creatures vanquished. Voluntary challenges: You were an atheist. You used a wielded weapon 15 times, starting on turn 34. You read items or engraved 6 times, starting on turn 547. You never genocided any monsters. You never polymorphed an object. You never changed form. You used no wishes. You never split a pudding. You never wrote Elbereth's name. You never violated your personal moral code. Dungeon overview: The Dungeons of Doom: levels 1 to 4 Level 1 a long staircase Level 2 Level 3 <- You were here a weapon shop, a sink Level 4 a long staircase History has recorded: On T:1 you entered the Dungeons of Doom to retrieve the Amulet of Yendor! On T:411 you reached level 2 of The Dungeons of Doom. On T:493 you advanced to experience level 2. On T:644 you reached level 4 of The Dungeons of Doom. On T:709 you reached level 3 of The Dungeons of Doom. On T:1000 you advanced to experience level 3. On T:1240 you advanced to experience level 4. On T:1538 you advanced to experience level 5. On T:1800 you advanced to experience level 6. Score breakdown: Gold: 0 ( 0 points) Experience: 6 levels (12456 points) Exploration: 4 levels ( 8.70%) ( 7745 points) Discoveries: 2 items ( 0.72%) ( 2544 points) Valuables value: (no points given unless you survive) Artifact value: 0 ( 0 points) Variety of kills: 17 monsters ( 4.46%) ( 6336 points) Turncount: 1832 turns ( 0 points) Survival: died (score multiplied by 80%) Total score: 23264 Latest messages: You seem to have enjoyed it more than the succubus... That was a very educational experience. You feel more experienced. Welcome to experience level 6. "It's on the house!" The succubus acts as though she has got a headache. The succubus hits! (2x) The succubus acts as though she has got a headache. The succubus hits! (2x) You hear a jackal howling at the moon. The succubus acts as though she has got a headache. The succubus hits! (2x) The door closes. You see a door open. You hear the chime of a cash register. Never mind. You miss the iguana. The iguana bites! The succubus acts as though she has got a headache. You die... Final status: Goodbye Nergel the Wizard, killed by a succubus... You died in The Dungeons of Doom on dungeon level 3 with 23264 points, and 0 pieces of gold, after 1832 moves. You were level 6 with a maximum of 47 hit points when you died.